 Dungeon Crawl Stone Soup version 0.17-a0-1056-g838d5c0 (console) character file.

70 Fusha the Ruffian (level 4, -1/37 HPs)
             Began as a Minotaur Transmuter on May 16, 2015.
             Killed by nerve-wracking pain
             ... invoked by Grinder
              (9 damage)
             ... on level 2 of the Dungeon.
             The game lasted 00:06:49 (1764 turns).

Fusha the Ruffian (Minotaur Transmuter)             Turns: 1764, Time: 00:06:49

Health: -1/37      AC:  3    Str: 15    XL:     4   Next: 4%
Magic:  5/5        EV: 12    Int: 11    God:
Gold:   73         SH:  0    Dex: 10    Spells: 1 memorised, 5 levels left

rFire  . . .     SeeInvis .       - Unarmed
rCold  . . .     Clarity  .     b - +0 robe
rNeg   . . .     SustAb   .     (no shield)
rPois  .         Gourm    .     (helmet restricted)
rElec  .         Spirit   .     (no cloak)
rCorr  .         Warding  .     n - +0 pair of gloves (curse)
rMut   .         Stasis   .     (no boots)
MR     .....                    (no amulet)
Stlth  +.........               (no ring)
                                (no ring)

@: not resistant to hostile enchantments, very unstealthy
A: retaliatory headbutt, horns 2
a: no special abilities


You were on level 2 of the Dungeon.
You were not hungry.

You visited 1 branch of the dungeon, and saw 3 of its levels.

You collected 73 gold pieces.

Inventory:

Missiles
 a - 42 arrows
Armour
 b - a +0 robe (worn)
 n - a cursed +0 pair of gloves (worn)
Magical devices
 i - a wand of magic darts (23)
Scrolls
 f - a scroll of fear {unknown}
 h - 2 scrolls of identify {unknown}
 j - a scroll of immolation {unknown}
 l - a scroll of remove curse {unknown}
 m - a scroll of recharging {unknown}
Potions
 e - 2 potions of curing {unknown}
 g - a potion of brilliance {unknown}
 k - 2 potions of haste {unknown}
 o - a potion of resistance {unknown}
Books
 c - a book of Changes

   Spells                             Type                      Level
   a - Beastly Appendage              Transmutation                1
   b - Sticks to Snakes               Transmutation                2
   c - Spider Form                    Transmutation/Poison         3
   d - Ice Form                       Ice/Transmutation            4
   e - Blade Hands                    Transmutation                5
Comestibles
 d - 2 bread rations


   Skills:
 + Level 2.4 Fighting
 + Level 2.9 Dodging
 * Level 3.8 Unarmed Combat
 + Level 1.6 Spellcasting
 + Level 2.1 Transmutations


You had 5 spell levels left.
You knew the following spells:

 Your Spells              Type           Power        Failure   Level  Hunger
a - Beastly Appendage     Trmt           #.....       14%         1    ##.....


Dungeon Overview and Level Annotations

Branches:
Dungeon (3/15)

Altars:

Annotations:
D:2 Grinder


Innate Abilities, Weirdness & Mutations

You reflexively headbutt those who attack you in melee.
You have a pair of horns on your head.


Message History

Grinder hits you!
The quokka bites you but does no damage.
There is a stone staircase leading up here.
The quokka closely misses you. Grinder hits you.
You writhe in agony.
* * * LOW HITPOINT WARNING * * *
You climb upwards.
There is a stone staircase leading down here.
The quokka bites you but does no damage.
The quokka bites you but does no damage.
Grinder says, "FISH!"
The quokka barely misses you. The quokka closely misses you.
You furiously retaliate!
You headbutt the quokka!
You kill the quokka!
Grinder gestures at you. Pain shoots through your body!
* * * LOW HITPOINT WARNING * * *
Grinder gestures at you. Pain shoots through your body!
You die...

..†......# #.# #.....5......#
.........# #.# #..######.##.#
###......# #.###..# #.##.#
##.....# #......# ###.##.#
####..# #####..# #.5.##.# #..#
#..# #.####.# ######..#####
#..# #.# #.#
#...........#####..# ##.## #.#
##.####.........@...###...###.#
.#.# #.####.#####...5........#
.#.# #.# #.# ##.###...#####
.#.# #.# #.# ###......## )#.#
#.# #.# #....##### .#.# #.# #.#
#.##.# .#.# #.# #.# #.##.#
.#.####.# #.# #.##.#
........####>####.##.#


You could see Grinder.

Vanquished Creatures
  3 adders (D:2)
  A worm (D:2)
  2 giant geckos (D:2)
  7 giant cockroaches
  3 hobgoblins
  A kobold (D:1)
  A quokka (D:2)
  4 bats
  3 giant newts
  7 goblins
  8 rats
40 creatures vanquished.

Notes
Turn   | Place    | Note
--------------------------------------------------------------
     0 | D:1      | Fusha the Minotaur Transmuter began the quest for the Orb.
     0 | D:1      | Reached XP level 1. HP: 16/16 MP: 1/1
   201 | D:1      | Reached XP level 2. HP: 11/23 MP: 3/3
   712 | D:1      | You fall through a shaft!
   883 | D:2      | Reached XP level 3. HP: 22/29 MP: 4/4
  1611 | D:2      | Reached XP level 4. HP: 35/37 MP: 5/5
  1729 | D:3      | Noticed Grinder
  1764 | D:2      | Killed from afar by Grinder

Vault maps used:
D:1:      minmay_arrival_hallway
D:2:      first_bread, serial_bayou_pond_c
D:3:      uniq_grinder, uniq_sigmund

Action                   |  1- 3 |  4- 6 || total
-------------------------+-------+-------++-------
Melee: Unarmed           |   118 |     1 ||   119
  Eat: Pizza             |     1 |       ||     1
       Bread ration      |       |     1 ||     1
